 Dungeon Crawl Stone Soup version 0.16.1-16-gc44b35d (webtiles) character file.

410 Chiseanne the Covert (level 6, 0/30 HPs)
             Began as a Spriggan Assassin on Apr 27, 2015.
             Killed by divine providence
             ... invoked by an orc priest
              (13 damage)
             ... on level 4 of the Dungeon.
             The game lasted 00:12:29 (3924 turns).

Chiseanne the Covert (Spriggan Assassin)            Turns: 3924, Time: 00:12:29

Health: 0/30       AC:  5    Str:  7    XL:     6   Next: 58%
Magic:  12/12      EV: 17    Int: 13    God:
Gold:   146        SH:  0    Dex: 21    Spells: 0 memorised, 5 levels left

rFire  . . .     SeeInvis +     w - +0 blowgun
rCold  . . .     Clarity  .     c - +0 robe
rNeg   . . .     SustAb   .     (shield restricted)
rPois  +         Gourm    .     (helmet restricted)
rElec  .         Spirit   .     u - +2 cloak {rPois}
rCorr  .         Warding  .     (gloves unavailable)
rMut   .         Stasis   .     (boots unavailable)
MR     +....                    (no amulet)
Stlth  ++++++....               (no ring)
                                l - +2 ring of dexterity

@: very quick, somewhat resistant to hostile enchantments, very stealthy
A: unfitting armour, see invisible, herbivore 3, speed 3, slow metabolism 2
a: no special abilities


You were on level 4 of the Dungeon.
You were not hungry.

You visited 1 branch of the dungeon, and saw 4 of its levels.

You collected 146 gold pieces.

Inventory:

Hand weapons
 a - a +2 dagger of speed
 e - a +3 hunting sling of flaming
 w - a +0 blowgun (weapon)
Missiles
 n - 13 poisoned bolts
 q - 23 arrows
 s - 17 poisoned needles (quivered)
Armour
 c - a +0 robe (worn)
 u - a +2 cloak of poison resistance (worn)
Jewellery
 l - a +2 ring of dexterity (left hand)
 m - an uncursed ring of wizardry {unknown}
Scrolls
 h - a scroll of fog
 j - 3 scrolls of enchant weapon
Potions
 o - a potion of heal wounds {unknown}
 p - a potion of curing {unknown}
Comestibles
 g - 3 bread rations


   Skills:
 - Level 1.5 Fighting
 - Level 2.1 Short Blades
 - Level 2.1 Throwing
 - Level 1.5 Dodging
 * Level 11.9 Stealth


You had 5 spell levels left.
You didn't know any spells.

Dungeon Overview and Level Annotations

Branches:
Dungeon (4/15)
 Temple: D:4-7

Altars:


Innate Abilities, Weirdness & Mutations

You are tiny and cannot use many weapons and most armour.
You have supernaturally acute eyesight.
You are a herbivore.
You cover ground extremely quickly.
You need consume almost no food.


Message History

There is an open door, spattered with blood here.
Things that are here:
a flail; an orc skeleton You see here a robe.
Firing (i - inventory):
s - 19 poisoned needles (quivered)
Press: ? - help, Shift-Dir - straight line, f/p - orc priest
Aim: an orc priest, wielding a club (lightly wounded, poisoned)
You shoot a poisoned needle.
The poisoned needle hits the orc priest!
The orc priest looks even sicker.
The orc priest is lightly wounded.
Firing (i - inventory):
s - 18 poisoned needles (quivered)
Press: ? - help, Shift-Dir - straight line, f/p - orc priest
Aim: an orc priest, wielding a club (heavily wounded, poisoned)
You shoot a poisoned needle.
The poisoned needle hits the orc priest.
The orc priest is heavily wounded.
The orc priest mumbles some strange prayers to Beogh against you.
Something smites you!
You die...

..............# #.....[
..............# #......
....##........# #......
....##........# ##......
....##........# #......#
#.####........# #.....##
..####........# ##########.#'###
...l######....###.......##.#.####
.....†.)......).@..........)>...#
#.#.[####.o...###.......##.#.....
#.##.# ##.##### #.......##.#.)...
#.##.#.(..# #.......#.......)
#.##).(##.# #)......#..##.##.
.......##.# #.............##.
#(......... ####..........#####.
#o..!..##.# #.............# ##
.(......#.# #.............#


You could see an orc priest.

Vanquished Creatures
  Duvessa (D:4)
  Dowan (D:4)
  A hound (D:4)
  2 orc wizards (D:4)
  A worker ant (D:4)
  A hound skeleton (D:3)
  3 adders
  3 gnolls (D:3)
  4 worms (D:2)
  3 giant geckos
  9 orcs
  13 bats
  A bat skeleton (D:4)
  9 giant cockroaches
  5 hobgoblins
  2 quokkas (D:2)
  A ball python skeleton (D:4)
  5 giant newts
  9 goblins
  8 jackals
  5 kobolds
  11 rats
98 creatures vanquished.

Notes
Turn   | Place    | Note
--------------------------------------------------------------
     0 | D:1      | Chiseanne, the Spriggan Assassin, began the quest for the Orb.
     0 | D:1      | Reached XP level 1. HP: 10/10 MP: 2/2
    46 | D:1      | Reached skill level 6 in Stealth
   248 | D:1      | Reached XP level 2. HP: 7/14 MP: 4/4
   574 | D:1      | Reached skill level 7 in Stealth
   832 | D:1      | Reached XP level 3. HP: 16/18 MP: 6/6
  1282 | D:2      | Reached skill level 8 in Stealth
  1512 | D:2      | Reached XP level 4. HP: 22/22 MP: 8/8
  2014 | D:3      | Reached skill level 9 in Stealth
  2307 | D:3      | Reached XP level 5. HP: 25/25 MP: 10/10
  2979 | D:4      | Reached skill level 10 in Stealth
  3217 | D:4      | Noticed Duvessa
  3219 | D:4      | Noticed Dowan
  3247 | D:4      | Killed Duvessa
  3247 | D:4      | Reached skill level 11 in Stealth
  3247 | D:4      | Reached XP level 6. HP: 30/30 MP: 12/12
  3273 | D:4      | Killed Dowan
  3924 | D:4      | Killed from afar by an orc priest

Action                   |  1- 3 |  4- 6 || total
-------------------------+-------+-------++-------
Melee: Dagger            |   126 |   145 ||   271
 Fire: Blowgun           |    14 |    52 ||    66
  Use: Scroll            |       |     8 ||     8
       Potion            |       |     3 ||     3
 Stab: Sleeping          |    18 |     8 ||    26
       Distracted        |       |     2 ||     2
  Eat: Pizza             |       |     2 ||     2
